 Dungeon Crawl Stone Soup version 0.20.0-8-g6b59dc7 (webtiles) character file.

384 mike2R the Cudgeler (level 6, -4/47 HPs)
             Began as a Demonspawn Berserker on May 30, 2017.
             Was a Believer of Trog.
             Slain by Blork the orc
             ... wielding a +0 glaive
              (14 damage)
             ... on level 4 of the Dungeon.
             The game lasted 00:19:40 (3018 turns).

mike2R the Cudgeler (Demonspawn Berserker)          Turns: 3018, Time: 00:19:41

Health: -4/47      AC:  9    Str: 18    XL:     6   Next: 47%
Magic:  6/6        EV:  7    Int:  9    God:    Trog [**....]
Gold:   162        SH:  0    Dex: 13    Spells: 5/5 levels left

rFire    + . .     SeeInvis .   a - +0 mace
rCold    . . .     Gourm    .   (no shield)
rNeg     . . .     Faith    .   h - +0 chain mail
rPois    .         Spirit   .   (no helmet)
rElec    .         Reflect  .   r - +0 cloak
rCorr    .         Harm     .   (no gloves)
MR       ++...                  (no boots)
Stlth    ..........             (no amulet)
Regen    1.2/turn               (no ring)
MPRegen  0.1/turn               (no ring)

@: regenerating
A: talons 2, demonic guardian 1, fire resistance 1
a: Berserk, Trog's Hand, Burn Spellbooks, Renounce Religion


You were on level 4 of the Dungeon.
You worshipped Trog.
Trog was pleased with you.
You were not hungry.

You visited 1 branch of the dungeon, and saw 4 of its levels.
You also visited: Sewer.

You collected 162 gold pieces.

Inventory:

Hand Weapons
 a - a +0 mace (weapon)
 b - a +0 hunting sling
Missiles
 g - 36 bolts
 j - 57 stones (quivered)
 n - 35 arrows
 s - 41 poisoned needles
 E - 9 sling bullets
Armour
 h - a +0 chain mail (worn)
 r - a +0 cloak (worn)
Jewellery
 e - an uncursed ring of ice
 D - an uncursed amulet of faith {unknown}
Wands
 y - a wand of iceblast (7/15)
 C - a wand of enslavement (11/24)
Scrolls
 d - a scroll of identify {unknown}
 k - a scroll of magic mapping {unknown}
 l - a scroll of noise {unknown}
 o - a scroll of remove curse
 w - a scroll of amnesia {unknown}
 B - a scroll of enchant weapon {unknown}
Potions
 f - a potion of might
 i - a potion of haste {unknown}
 m - a potion of ambrosia {unknown}
 p - 5 potions of flight
 t - a potion of magic
 u - a potion of curing {unknown}
 v - a potion of heal wounds {unknown}
 x - a potion of mutation {unknown}
 z - a potion of agility {unknown}
 A - a potion of lignification {unknown}
Comestibles
 c - a meat ration
 q - 3 bread rations


   Skills:
 - Level 3.1 Fighting
 + Level 6.6 Maces & Flails
 - Level 1.7 Armour
 - Level 1.9 Dodging


You had 5 spell levels left.
You didn't know any spells.

Dungeon Overview and Level Annotations

Branches:
Dungeon (4/15)
 Temple: D:4-7

Altars:
Nemelex Xobeh
Xom

Annotations:
D:4 Blork the orc


Innate Abilities, Weirdness & Mutations

You have razor-sharp toenails.
A weak demonic guardian rushes to your aid.
Your flesh is heat resistant. (rF+)


Message History

You hear some strange, mumbled words.
A magic dart appears from out of thin air!
The magic dart hits you!
* * * LOW HITPOINT WARNING * * *
You closely miss something. Your kick misses something.
Something hits you but does no damage. x2
You barely miss something. You miss something. You claw something.
Something hits you but does no damage.
You miss something. Your kick misses something. Something hits you.
* * * LOW HITPOINT WARNING * * *
You miss something. Your kick misses something.
Something hits you but does no damage.
You miss something. You miss something. You claw something. Something hits you.
* * * LOW HITPOINT WARNING * * *
You barely miss something. Your kick misses something.
Blork the orc appears from thin air!
Reactivating autopickup.
Blork the orc hits you with a glaive!
You die...

#..## .#
######...####.####.
.......©...........
##.#########.###.##
#(#8P...P8#.#
#.#P.....P#.#
#.####'####.#
#.#.≈...≈(#.#
#@#.≈...≈(#.#
#o#.≈P≈≈≈.#.# #
#.#.≈≈⌠≈≈.#.#
#.#.#.≈≈≈≈≈.#.#
#.#.#.≈...≈.#.#
.#..#.≈...≈.#.#
#.#.####'####.#
#.#.#P.....≈#.#
...####.#.#8P.©.P8#.#


You could see Blork the orc.

Vanquished Creatures
  The ghost of mopl the Firebug, an amateur DEFE (D:3)
  A big kobold (Sewer)
  2 scorpions (D:4)
  A worker ant (D:3)
  An adder (D:2)
  2 river rats (Sewer)
  A shadow imp (D:4)
  4 worms
  4 dart slugs
  A leopard gecko (D:3)
  An orc (D:3)
  A giant cockroach (D:1)
  5 goblins
  7 hobgoblins
  9 jackals
  3 bats
  3 frilled lizards
  7 kobolds
  8 rats
62 creatures vanquished.

Vanquished Creatures (collateral kills)
  An adder (D:4)
1 creature vanquished.

Grand Total: 63 creatures vanquished

Notes
Turn   | Place    | Note
-------+----------+-------------------------------------------
     0 | D:1      | mike2R the Demonspawn Berserker began the quest for the Orb.
     0 | D:1      | Reached XP level 1. HP: 18/18 MP: 1/1
   249 | D:1      | Reached skill level 3 in Maces & Flails
   250 | D:1      | Gained mutation: You have sharp toenails. [demonic ancestry]
   250 | D:1      | Reached XP level 2. HP: 24/24 MP: 2/2
  1041 | D:2      | Gained mutation: Your flesh is heat resistant. (rF+) [demonic ancestry]
  1041 | D:2      | Reached XP level 3. HP: 29/29 MP: 3/3
  1074 | D:2      | Found a shimmering altar of Xom.
  1250 | D:2      | Found a sparkling altar of Nemelex Xobeh.
  1515 | D:3      | Reached ** piety under Trog
  1536 | D:2      | Reached skill level 4 in Maces & Flails
  1797 | D:3      | Reached XP level 4. HP: 23/35 MP: 4/4
  1872 | D:3      | Found a glowing drain.
  1933 | Sewer    | Entered a sewer
  2020 | Sewer    | Noticed a big kobold
  2037 | Sewer    | Killed a big kobold
  2037 | Sewer    | Reached skill level 5 in Maces & Flails
  2037 | Sewer    | Gained mutation: You have razor-sharp toenails. [demonic ancestry]
  2037 | Sewer    | Reached XP level 5. HP: 41/41 MP: 5/5
  2099 | Sewer    | Found a glowing silver altar of Zin.
  2395 | D:3      | Noticed mopl's ghost (amateur DEFE)
  2410 | D:3      | Killed mopl's ghost
  2410 | D:3      | Reached skill level 6 in Maces & Flails
  2410 | D:3      | Gained mutation: A weak demonic guardian rushes to your aid. [demonic ancestry]
  2410 | D:3      | Reached XP level 6. HP: 47/47 MP: 6/6
  2864 | D:4      | Found a transporter.
  2958 | D:4      | Found a transporter.
  2976 | D:4      | Noticed Blork the orc
  3018 | D:4      | Slain by Blork the orc

Skill      XL: |  1  2  3  4  5 |
---------------+----------------+-----
Maces & Flails | 3 4 5 6 |  6.6
Fighting       | |  3.1
Armour         | |  1.7
Dodging        | |  1.9

Action                   |  1- 3 |  4- 6 || total
-------------------------+-------+-------++-------
Melee: Mace              |   107 |    95 ||   202
       Kick              |    18 |    22 ||    40
 Fire: Hunting sling     |     7 |    23 ||    30
Throw: Stone             |     2 |       ||     2
Invok: Berserk           |     4 |     5 ||     9
       Trog's Hand       |       |     4 ||     4
  Use: Scroll            |     1 |       ||     1
       Potion            |       |     3 ||     3
  Eat: Bread ration      |     1 |       ||     1
       Chunk             |     1 |     9 ||    10
       Meat ration       |       |     1 ||     1
Armor: Animal skin       |     1 |       ||     1
       Chain mail        |    52 |    45 ||    97
       Ring mail         |     5 |       ||     5
Dodge: Dodged            |    61 |    30 ||    91
